[ AOE2 MATCH · #507300453 ]
UnrankedChinese vs Tupi
Player's team · LOSS
Rival team · WIN
[ REPLAY ANALYSIS · EXTRACTED FROM THE RECORDED GAME ]
Feudal
10:36
Castle
—
Imperial
—
| APM avg | 58.0 |
| APM peak | 88 |
| eAPM avg | 28.0 |
| Villagers / military | 38 / 4 |
Focus
⚔️ 33.0% · 🌾 67.0%
Archer ×4
Feudal
9:55
Castle
—
Imperial
—
| APM avg | 35.0 |
| APM peak | 63 |
| eAPM avg | 19.6 |
| Villagers / military | 33 / 0 |
Focus
⚔️ 42.5% · 🌾 57.5%
Unknown (2550) ×4
Match map
Initial resources + every placement click. Lines = walls · curves = elevation contours. ◆ gold · ⬟ stone · ● berries · ✦ relic · ◌ wall gap
Your base· Open — unwalled flank
gupo57's base· Open — unwalled flank
Smoothed initial terrain · ◌ = detected wall gap · hover for details
Inputs per minute
— Antymon - - gupo57
Build order — Antymon
74 actions detected in the replay
| 0:01 | Research | Loom |
| 0:44 | Queue | Villager (Male) |
| 0:45 | Queue | Villager (Male) |
| 1:14 | Queue | Villager (Male) |
| 1:14 | Queue | Villager (Male) |
| 1:42 | Queue | Villager (Male) |
| 1:43 | Queue | Villager (Male) |
| 2:06 | Queue | Villager (Male) |
| 2:06 | Queue | Villager (Male) |
| 2:20 | Queue | Villager (Male) |
| 2:20 | Queue | Villager (Male) |
| 2:47 | Queue | Villager (Male) |
| 2:47 | Queue | Villager (Male) |
| 3:08 | Queue | Villager (Male) |
| 3:09 | Queue | Villager (Male) |
| 3:13 | Build | Lumber Camp |
| 3:24 | Queue | Villager (Male) |
| 3:24 | Queue | Villager (Male) |
| 3:28 | Build | House |
| 3:33 | Build | House |
| 3:34 | Build | House |
| 3:44 | Queue | Villager (Male) |
| 3:44 | Queue | Villager (Male) |
| 4:12 | Queue | Villager (Male) |
| 4:12 | Queue | Villager (Male) |
| 4:36 | Queue | Villager (Male) |
| 4:58 | Queue | Villager (Male) |
| 6:14 | Build | Mill |
| 6:36 | Queue | Villager (Male) |
| 6:36 | Queue | Villager (Male) |
| 6:37 | Queue | Villager (Male) |
| 6:52 | Queue | Villager (Male) |
| 7:01 | Queue | Villager (Male) |
| 7:01 | Queue | Villager (Male) |
| 7:01 | Queue | Villager (Male) |
| 7:45 | Build | Mill |
| 7:55 | Research | Feudal Age |
| 7:56 | Research | Feudal Age |
| 8:10 | Build | Mining Camp |
| 8:40 | Build | House |
| 8:58 | Queue | Villager (Male) |
| 8:58 | Queue | Villager (Male) |
| 9:16 | Build | Barracks |
| 9:25 | Build | Palisade Wall |
| 10:36 | Age | Feudal Age |
| 10:40 | Build | Archery Range |
| 10:45 | Build | Palisade Wall |
| 11:01 | Build | Farm |
| 11:07 | Build | Palisade Wall |
| 11:16 | Build | Archery Range |
| 11:17 | Queue | Villager (Male) |
| 11:22 | Build | Palisade Wall |
| 11:23 | Build | Palisade Wall |
| 11:27 | Build | Palisade Wall |
| 11:28 | Build | Palisade Wall |
| 11:28 | Build | Palisade Wall |
| 11:56 | Queue | Villager (Male) |
| 12:06 | Queue | Archer |
| 12:06 | Queue | Archer |
| 12:09 | Build | Farm |
| 12:11 | Build | Farm |
| 12:14 | Build | Farm |
| 12:19 | Build | Palisade Wall |
| 12:19 | Build | Palisade Wall |
| 12:27 | Build | Farm |
| 12:29 | Queue | Archer |
| 12:29 | Queue | Villager (Male) |
| 12:30 | Queue | Archer |
| 12:46 | Build | House |
| 13:03 | Queue | Villager (Male) |
| 13:07 | Build | Farm |
| 13:17 | Queue | Villager (Male) |
| 14:13 | Queue | Villager (Male) |
| 14:13 | Queue | Villager (Male) |
Build order — gupo57
70 actions detected in the replay
| 0:02 | Build | House |
| 0:04 | Build | House |
| 0:15 | Queue | Villager (Male) |
| 0:15 | Queue | Villager (Male) |
| 0:16 | Queue | Villager (Male) |
| 0:26 | Queue | Villager (Male) |
| 0:27 | Queue | Villager (Male) |
| 1:20 | Queue | Villager (Male) |
| 1:21 | Queue | Villager (Male) |
| 1:45 | Build | House |
| 1:49 | Queue | Villager (Male) |
| 1:49 | Queue | Villager (Male) |
| 2:31 | Queue | Villager (Male) |
| 2:36 | Queue | Villager (Male) |
| 3:07 | Queue | Villager (Male) |
| 3:18 | Build | House |
| 3:36 | Build | Settlement |
| 3:43 | Queue | Villager (Male) |
| 3:54 | Queue | Villager (Male) |
| 4:14 | Queue | Villager (Male) |
| 4:14 | Queue | Villager (Male) |
| 4:42 | Queue | Villager (Male) |
| 4:42 | Queue | Villager (Male) |
| 4:42 | Queue | Villager (Male) |
| 5:09 | Build | House |
| 5:14 | Queue | Villager (Male) |
| 5:20 | Queue | Villager (Male) |
| 5:20 | Queue | Villager (Male) |
| 5:45 | Build | Palisade Wall |
| 6:30 | Build | Barracks |
| 7:11 | Research | Loom |
| 7:40 | Research | Feudal Age |
| 7:42 | Queue | Unit 2550 |
| 8:14 | Queue | Unit 2550 |
| 8:14 | Queue | Unit 2550 |
| 9:50 | Queue | Villager (Male) |
| 9:50 | Queue | Villager (Male) |
| 9:55 | Age | Feudal Age |
| 9:59 | Research | Double-Bit Axe |
| 10:01 | Research | Tech 1402 |
| 10:04 | Queue | Villager (Male) |
| 10:05 | Queue | Villager (Male) |
| 10:11 | Build | Palisade Wall |
| 10:13 | Build | Palisade Wall |
| 10:25 | Build | Watch Tower |
| 10:31 | Research | Town Watch |
| 10:51 | Build | Watch Tower |
| 11:06 | Build | Stone Wall |
| 11:07 | Build | Stone Wall |
| 11:10 | Queue | Villager (Male) |
| 11:11 | Queue | Villager (Male) |
| 11:11 | Queue | Villager (Male) |
| 11:25 | Queue | Unit 2550 |
| 11:41 | Build | Watch Tower |
| 11:49 | Build | Stone Wall |
| 12:02 | Queue | Villager (Male) |
| 12:02 | Queue | Villager (Male) |
| 12:30 | Build | Watch Tower |
| 12:42 | Queue | Villager (Male) |
| 12:43 | Queue | Villager (Male) |
| 12:45 | Build | Settlement |
| 12:51 | Build | Stone Wall |
| 12:53 | Build | Stone Wall |
| 12:55 | Build | Stone Wall |
| 12:59 | Build | Stone Wall |
| 13:04 | Build | Stone Wall |
| 13:11 | Build | Stone Wall |
| 13:41 | Build | Stone Wall |
| 13:48 | Build | Stone Wall |
| 14:11 | Build | Stone Wall |
Match timeline
| 5:45 | gupo57 · wall_segment Palisade Wall x2 |
| 6:30 | gupo57 · first_building Barracks |
| 9:16 | Antymon · first_building Barracks |
| 9:25 | Antymon · wall_segment Palisade Wall x4 |
| 9:55 | gupo57 · age_up feudal |
| 10:11 | gupo57 · wall_segment Palisade Wall x1 |
| 10:13 | gupo57 · wall_segment Palisade Wall x1 |
| 10:36 | Antymon · age_up feudal |
| 10:40 | Antymon · first_building Archery Range |
| 10:45 | Antymon · wall_segment Palisade Wall x1 |
| 11:06 | gupo57 · wall_segment Stone Wall x1 |
| 11:07 | Antymon · wall_segment Palisade Wall x1 |
| 11:07 | gupo57 · wall_segment Stone Wall x1 |
| 11:22 | Antymon · wall_segment Palisade Wall x1 |
| 11:23 | Antymon · wall_segment Palisade Wall x1 |
| 11:27 | Antymon · wall_segment Palisade Wall x1 |
| 11:28 | Antymon · wall_segment Palisade Wall x1 |
| 11:28 | Antymon · wall_segment Palisade Wall x1 |
| 11:49 | gupo57 · wall_segment Stone Wall x1 |
| 12:19 | Antymon · wall_segment Palisade Wall x1 |
| 12:19 | Antymon · wall_segment Palisade Wall x1 |
| 12:51 | gupo57 · wall_segment Stone Wall x1 |
| 12:53 | gupo57 · wall_segment Stone Wall x1 |
| 12:55 | gupo57 · wall_segment Stone Wall x1 |
| 12:59 | gupo57 · wall_segment Stone Wall x1 |
| 13:04 | gupo57 · wall_segment Stone Wall x1 |
| 13:11 | gupo57 · wall_segment Stone Wall x2 |
| 13:41 | gupo57 · wall_segment Stone Wall x1 |
| 13:48 | gupo57 · wall_segment Stone Wall x1 |
| 14:11 | gupo57 · wall_segment Stone Wall x1 |
| 14:18 | Antymon · resign |
[ AI ANALYSIS · 1 CREDIT ]
What really happened in this match?
Wolo.gg analyzes every decision: build order, eco, micro, common mistakes by bracket. Personalized analysis on WhatsApp or Discord in 30 seconds.
Civ guide
Chinese
Perfil
Jugador #15489477